 Dungeon Crawl Stone Soup version 0.30-a0-141-g30f27751c5 (webtiles) character file.

Game seed: 6747174040488353425

2493 themarg the Thaumaturge (level 9, -1/65 HPs)
             Began as a Djinni Transmuter on Sept 25, 2022.
             Was a Follower of Ashenzari.
             Slain by an orc knight
             ... wielding a +0 war axe
              (9 damage)
             ... in a bailey.
             The game lasted 00:28:31 (9306 turns).

themarg the Thaumaturge (Djinni Transmuter)         Turns: 9306, Time: 00:28:32

Health: -1/65      AC:  2    Str: 13    XL:     9   Next: 82%
Gold:   522        EV: 24    Int: 18    God:    Ashenzari [*.....] SH:  0 Dex: 20

rFire   . . .      SeeInvis .      - Unarmed
rCold   . . .      Faith    .    (shield currently unavailable)
rNeg    . . .      Spirit   .    (body armour currently unavailable)
rPois   ∞          Reflect  .    (helmet currently unavailable)
rElec   .          Harm     .    (cloak currently unavailable)
rCorr   +          Rampage  .    (gloves currently unavailable)
Will    .....                    (boots unavailable)
Stlth   +++.......               I - amulet "Ruined Malaise" {Regen+, Fort, Range} (curse)
HPRegen 1.00/turn                o - ring of wizardry
MPRegen 0.00/turn                z - ring of the Shackled Cynicism {+Blink rCorr Str+4, Cun, Evo} (curse)

@: spider-form, wereblooded (expiring), flying
A: venomous fangs, flying, sickness immunity, tiny, (fire resistance 2), (cold
vulnerability 1), float, innate caster, HP casting, extra vitality 1
a: End Transformation, Renounce Religion, Evoke Blink, Shatter the Chains


You were in a bailey.
You worshipped Ashenzari.
Ashenzari was aware of your devotion.
You were a venomous arachnid creature.
You visited 2 branches of the dungeon, and saw 9 of its levels.
You also visited: Sewer and Bailey.

You collected 522 gold pieces.

Inventory:

Hand Weapons
 e - a +1 short sword of speed (melded)
 f - a +0 hand axe of flaming
 l - a +2 mace of protection
Missiles
 j - 15 poisoned darts
Armour
 a - a +1 robe (melded)
 K - a +0 helmet (melded)
 L - a +0 cloak (melded)
Jewellery
 o - a ring of wizardry (left front leg)
 z - the cursed ring of the Shackled Cynicism (right front leg) {+Blink rCorr Str+4, Cun, Evo}
   (You found it on level 5 of the Dungeon)

   [ring of resist corrosion]

   Str:       It affects your strength (+4).
   +Blink:    It lets you blink.
   rCorr:     It protects you from acid and corrosion.
   It has a curse which improves the following skills: Cunning: Dodging and
   Stealth.
   Evocations: Evocations.
 F - a +6 ring of strength
 H - a +6 ring of dexterity
 I - the cursed amulet "Ruined Malaise" (around neck) {Regen+, Fort, Range}
   (You found it on level 7 of the Dungeon)

   [amulet of regeneration]

   Regen:     It increases your rate of health regeneration.
   It has a curse which improves the following skills: Fortitude: Armour and
   Shields.
   Ranged Combat: Ranged Weapons and Throwing.
Wands
 u - a wand of quicksilver (7)
 E - a wand of flame (40)
Scrolls
 c - 4 scrolls of teleportation
 i - 4 scrolls of enchant armour
 k - 3 scrolls of amnesia
 n - 3 scrolls of vulnerability
 p - 9 scrolls of enchant weapon
 v - 2 scrolls of silence
 y - 2 scrolls of blinking
 A - 4 scrolls of identify
 B - 3 scrolls of fear
 C - a scroll of immolation
Potions
 b - 3 potions of lignification
 d - 3 potions of mutation
 g - 2 potions of brilliance
 h - 2 potions of degeneration
 m - 2 potions of might
 q - a potion of flight
 r - 2 potions of cancellation
 s - 2 potions of resistance
 t - 2 potions of invisibility
 w - 2 potions of magic
 x - 2 potions of curing
 D - 2 potions of heal wounds
 G - 2 potions of haste
 J - a potion of attraction


   Skills:
 - Level 5.0 Fighting
 - Level 5.0(5.8) Dodging
 - Level 3.0(3.7) Stealth
 - Level 3.0 Unarmed Combat
 * Level 8.0 Spellcasting


You had 5 spell levels left.
You knew the following spells:

 Your Spells              Type           Power      Damage    Failure   Level
a - Beastly Appendage     Tmut           72%        N/A       1%          1
b - Wereblood             Tmut           36%        N/A       1%          2
c - Spider Form           Tmut/Pois      36%        N/A       2%          3
d - Ice Form              Ice/Tmut       36%        N/A       4%          4
e - Summon Small Mammal   Summ           100%       N/A       1%          1
f - Searing Ray           Conj           72%        2d7       1%          2
g - Static Discharge      Conj/Air       72%        2-5/arc   1%          2
h - Petrify               Tmut/Erth      36%        N/A       4%          4
Your spell library was empty.

Dungeon Overview and Level Annotations

Branches:
Dungeon (8/15)             Temple (1/1) D:6           Sewer (visited)
 Bailey (1/1)
   Lair: D:8-11

Altars:
Ashenzari
Cheibriados
Dithmenos
Elyvilon
Fedhas
Gozag
Hepliaklqana
Makhleb
Nemelex Xobeh
Okawaru
Qazlal
Ru
Trog
Uskayaw
Wu Jian
Xom
Yredelemnul
Zin
The Shining One

Shops:
D:6 (

Annotations:
D:3 3 exclusions


Innate Abilities, Weirdness & Mutations

You are a venomous arachnid creature.
You have poisonous fangs.
You are tiny and dextrous.
You are flying.
Your spellcasting is less reliable in this form.
Your armour is entirely melded.
You are incapable of wielding weapons or throwing items.
You are immune to sickness and miasma.
You are immune to poison.
((Your flesh is very heat resistant. (rF++)))
((You are vulnerable to cold. (rC-)))
You float through the air rather than walking.
You learn spells naturally, not from books.
Your magical power is your life essence.
You have superior vitality. (+4 MHP)


Message History

The gnoll hits you with a +0 hand axe.
You hit the orc but do no damage.
The orc is poisoned.
Your primal bloodlust is almost over.
You feel a bit better.
You kill the goblin!
The orc knight barely misses you. The orc completely misses you.
The gnoll completely misses you.
You hit the gnoll.
The gnoll looks as sick as possible!
The gnoll is almost dead.
You hiss as the wereblood boils in your veins!
You feel a bit better.
You kill the gnoll!
You closely miss the orc knight.
The orc knight is moderately wounded.
The orc knight misses you. The orc misses you.
You barely miss the orc knight.
The orc knight is moderately wounded.
The orc knight completely misses you. The orc barely misses you.
You hit the orc knight.
The orc knight looks as sick as possible!
The orc knight is moderately wounded.
Your transformation has ended.
Your +1 short sword of speed unmelds from your body.
Your +0 cloak unmelds from your body.
Your +0 helmet unmelds from your body.
Your +1 robe unmelds from your body.
Your hands tingle!
The orc knight hits you with a +0 war axe!!
* * * LOW HITPOINT WARNING * * *
The orc hits you with a +0 hand axe.
* * * LOW HITPOINT WARNING * * *
Casting: Wereblood (safe; 1% risk of failure)
Confirm with . or Enter, or press ? or * to list all spells.
You turn into a venomous arachnid creature.
Your +1 short sword of speed melds into your body.
Your +0 cloak melds into your body.
Your +0 helmet melds into your body.
Your +1 robe melds into your body.
* * * LOW HITPOINT WARNING * * *
The orc knight closely misses you. The orc misses you.
The orc knight attacks as you move away!
The orc knight hits you with a +0 war axe!
You die...

.........# ...⌠.....#
.........# .......g.#
......).### ♣♣♣♣♣♣
#.....#'#.### ♣♣♣.♣..♣♣
###.###.....###♣.♣.....♣
###....o)o..##.......♣
#.....)s....#.......♣
#...........'.......♣♣
#.....).)...'..∩.∩...♣
#.......)...'.......♣♣
#...........#........♣
##.........##......♣♣♣
###.....###♣♣.....♣
#+#.### ♣♣♣♣♣♣♣ ###


You could see an orc knight (extremely poisoned) and an orc (strong, very
poisoned).

Vanquished Creatures
  Eustachio (D:5)
  A steam dragon (D:8)
  2 water moccasins (D:7)
  A sky beast (D:6)
  3 ogres
  2 centaurs
  A phantom (D:4)
  4 kobold brigands
  A bullfrog (D:4)
  A necrophage (D:4)
  A gnoll sergeant (D:7)
  A scorpion (D:5)
  A howler monkey (D:5)
  4 hounds
  A jelly (D:7)
  3 orc priests
  3 orc wizards
  Natasha (thrice) (D:4)
  An iguana (D:4)
  Robin (D:3)
  11 adders
  8 gnolls
  5 river rats
  A shadow imp (D:5)
  A white imp (D:6)
  2 ufetubi
  7 worms
  6 dart slugs
  31 orcs
  5 ball pythons
  5 bats
  14 endoplasms
  3 giant cockroaches
  25 goblins
  16 hobgoblins
  6 jackals
  8 kobolds
  7 quokkas
  2 frilled lizards (D:3)
  10 rats
  A spectral goblin (D:5)
210 creatures vanquished.

Vanquished Creatures (collateral kills)
  A goblin (D:1)
1 creature vanquished.

Vanquished Creatures (others)
  An orc (D:8)
1 creature vanquished.

Grand Total: 212 creatures vanquished

Notes
Turn   | Place    | Note
-------+----------+-------------------------------------------
     0 | D:1      | themarg the Djinni Transmuter began the quest for the Orb.
     0 | D:1      | themarg set off with the following spells memorised:
                  | Beastly Appendage, Wereblood, Spider Form, Ice Form.
     0 | D:1      | Reached XP level 1. HP: 17/17 MP: 0/0
   234 | D:1      | Reached XP level 2. HP: 6/22 MP: 0/0
   518 | D:1      | Reached skill level 1 in Stealth
   548 | D:1      | Reached skill level 2 in Spellcasting
   613 | D:1      | Reached XP level 3. HP: 19/27 MP: 0/0
   613 | D:1      | Learned a level 1 spell: Summon Small Mammal
  1363 | D:2      | Found a faded altar of an unknown god.
  1619 | D:2      | Reached XP level 4. HP: 26/32 MP: 0/0
  2094 | D:3      | Reached XP level 5. HP: 10/37 MP: 0/0
  2094 | D:3      | Learned a level 2 spell: Searing Ray
  2341 | D:3      | Found a glowing drain.
  2362 | Sewer    | Entered a sewer
  2403 | Sewer    | Noticed a kobold brigand
  2414 | Sewer    | Killed a kobold brigand
  2415 | Sewer    | Reached skill level 3 in Spellcasting
  2415 | Sewer    | Reached XP level 6. HP: 23/42 MP: 0/0
  3252 | Sewer    | Reached skill level 4 in Spellcasting
  3463 | Sewer    | Reached XP level 7. HP: 38/47 MP: 0/0
  3463 | Sewer    | Learned a level 2 spell: Static Discharge
  3635 | D:3      | Noticed Robin
  3999 | D:3      | Killed Robin
  4962 | D:4      | Reached skill level 5 in Spellcasting
  5453 | D:4      | Noticed Natasha
  5466 | D:4      | Killed Natasha
  5571 | D:4      | Noticed Natasha
  5578 | D:4      | Killed Natasha
  5579 | D:4      | Reached XP level 8. HP: 35/54 MP: 0/0
  5620 | D:4      | Noticed Natasha
  5626 | D:4      | Killed Natasha
  6230 | D:4      | Reached skill level 6 in Spellcasting
  6671 | D:5      | Entered Level 5 of the Dungeon
  6684 | D:5      | Identified the ring of Urchit {+Blink rCorr Str+4}
  6712 | D:5      | Noticed Eustachio
  6727 | D:5      | Killed Eustachio
  6844 | D:5      | Reached XP level 9. HP: 42/62 MP: 0/0
  6844 | D:5      | Learned a level 4 spell: Petrify
  7049 | D:5      | Found a broken altar of Ashenzari.
  7067 | D:5      | Became a worshipper of Ashenzari the Shackled
  7152 | D:5      | Reached skill level 5 in Dodging
  7351 | D:5      | Found a hazy altar of Hepliaklqana.
  7460 | D:5      | Found a blossoming altar of Fedhas.
  7616 | D:6      | Found Jequs's Antique Weapon Emporium.
  7705 | D:6      | Found a staircase to the Ecumenical Temple.
  8031 | D:6      | Reached skill level 7 in Spellcasting
  8223 | Temple   | Entered the Ecumenical Temple
  8675 | D:7      | Reached skill level 5 in Fighting
  9224 | D:8      | Found a flagged portal.
  9234 | D:8      | Reached skill level 8 in Spellcasting
  9248 | Bailey   | Entered a bailey
  9278 | Bailey   | Noticed an orc knight
  9283 | Bailey   | Reached * piety under Ashenzari
  9306 | Bailey   | Slain by an orc knight

Illustrated notes

Levels and vault maps discovered:
D:1:      scummos_arrival_forest, layout_rooms, chequers_serial_rivers_small_b
D:2:      layout_rooms, ebering_ecumenical_altar_petrified
D:3:      layout_loops_cross, cheibrodos_sewer_entry_sluice,
          kennysheep_decorative_pillar, nicolae_elevator_lobby_plus, uniq_robin
D:4:      layout_cave_pools, chequers_mini_garden, nzn_random_ring, uniq_natasha
D:5:      layout_basic, nicolae_hepliaklqana_monster_ancestors,
          mainiacjoe_overflow_big_doors, minmay_misc_feat_tiny, uniq_eustachio
D:6:      layout_rooms, minmay_temple_entry_statues_fountains, serial_shops,
          shop, nrook_pool_corridor
D:7:      layout_basic, amcnicky_mini_corridor_feature
D:8:      layout_basic, enter_bailey_4, lightli_ossuary_entry_decrepit_ruins,
          uniq_amaemon
Temple:   hellmonk_temple_of_storms
Bailey:   bailey_axe_minmay_hex_keep, bailey

Skill      XL: |  1  2  3  4  5  6  7  8  9 |
---------------+----------------------------+-----
Stealth        | 1 2 3 |  3.0
Spellcasting   | 2 3 4 5 6 8 |  8.0
Dodging        | 3 4 5 |  5.0
Fighting       | 2 3 5 |  5.0
Unarmed Combat | |  3.0

Action                   |  1- 3 |  4- 6 |  7- 9 || total
-------------------------+-------+-------+-------++-------
Melee: Short sword       |    96 |    23 |     4 ||   123
       Unarmed           |     5 |    97 |   443 ||   545
       Headbutt          |     8 |     2 |       ||    10
       Punch             |     3 |       |       ||     3
 Cast: Beastly Appendage |    19 |     4 |     1 ||    24
       Wereblood         |     2 |     1 |     7 ||    10
       Summon Small Mamm |     1 |       |       ||     1
       Spider Form       |       |    15 |    56 ||    71
Invok: Curse Item        |       |       |     2 ||     2
  Use: Scroll            |       |       |     5 ||     5
 Stab: Sleeping          |     1 |     7 |     9 ||    17
Armor: Robe              |    22 |       |       ||    22
       Skin              |       |       |    27 ||    27
Dodge: Dodged            |    56 |    66 |   439 ||   561

Table legend: (Time is in decaauts)
 A = Elapsed time spent in this place.
 B = Non-inter-level travel time spent in this place.
 C = Inter-level travel time spent in this place.
 D = Time resting spent in this place.
 E = Time spent auto-exploring this place.
 F = Levels seen in this place.
 G = Mean time per level.
                   A        B        C        D        E       F      G
               +--------+--------+--------+--------+--------+-----+--------+
         Total |   9237 |   8923 |    314 |   3590 |   2984 |  11 |  839.7 |
       Dungeon |   7886 |   7578 |    308 |   2869 |   2934 |   8 |  985.8 |
        Temple |     39 |     33 |      6 |      0 |     18 |   1 |   39.0 |
         Sewer |   1255 |   1255 |      0 |    721 |     32 |   1 | 1255.0 |
        Bailey |     56 |     56 |      0 |      0 |      0 |   1 |   56.0 |
               +--------+--------+--------+--------+--------+-----+--------+

Top non-repeatable levels by time:
     D:4: 1787 daAuts
     D:2: 1361 daAuts
   Sewer: 1255 daAuts
     D:1: 1187 daAuts
     D:3: 1063 daAuts
     D:5: 979 daAuts
     D:6: 796 daAuts
     D:7: 617 daAuts
     D:8: 92 daAuts
  Bailey: 56 daAuts
  Temple: 39 daAuts
